 Dungeon Crawl Stone Soup version 0.19-a0-628-g9200b3b (webtiles) character file.

29 georgeearnest the Skirmisher (level 3, -1/33 HPs)
             Began as a Hill Orc Fighter on June 13, 2016.
             Slain by Sigmund
             ... wielding a +0 scythe
              (10 damage)
             ... on level 2 of the Dungeon.
             The game lasted 00:01:06 (680 turns).

georgeearnest the Skirmisher (Hill Orc Fighter)      Turns: 680, Time: 00:01:06

Health: -1/33      AC:  7    Str: 24    XL:     3   Next: 16%
Magic:  3/3        EV:  7    Int:  8    God:
Gold:   46         SH:  0    Dex: 15    Spells: 0 memorised, 2 levels left

rFire  . . .     SeeInvis .     a - +0 war axe
rCold  . . .     Gourm    .     b - +0 scale mail
rNeg   . . .     Faith    .     c - +0 shield
rPois  .         Spirit   .     (no helmet)
rElec  .         Dismiss  .     (no cloak)
rCorr  .         Reflect  .     (no gloves)
SustAt .         Harm     .     (no boots)
MR     .....                    (no amulet)
Stlth  ..........               (no ring)
                                h - +5 ring of dexterity

@: confused, mighty, not resistant to hostile enchantments, extremely unstealthy
A: no striking features
a: no special abilities


You were on level 2 of the Dungeon.
You were not hungry.

You visited 1 branch of the dungeon, and saw 2 of its levels.

You collected 46 gold pieces.

Inventory:

Hand Weapons
 a - a +0 war axe (weapon)
Armour
 b - a +0 scale mail (worn)
 c - a +0 shield (worn)
Jewellery
 h - a +5 ring of dexterity (left hand)
Scrolls
 e - a scroll of recharging {unknown}
 g - a scroll of enchant armour {unknown}
 i - a scroll of teleportation {unknown}
 m - a scroll of identify {unknown}
Potions
 j - a potion of agility
 l - a potion of flight {unknown}
Comestibles
 f - a bread ration
 k - a meat ration


   Skills:
 + Level 4.1 Fighting
 + Level 3.0 Axes
 + Level 3.7 Armour
 + Level 0.1 Dodging
 + Level 3.7 Shields


You had 2 spell levels left.
You didn't know any spells.

Dungeon Overview and Level Annotations

Branches:
Dungeon (2/15)

Altars:
Elyvilon
Kikubaaqudgha
Nemelex Xobeh
Pakellas
Qazlal
Vehumet
The Shining One

Annotations:
D:2 Sigmund


Message History

You slash something! Something hits you but does no damage.
You slash something! Something hits you.
You barely miss something. Something hits you but does no damage.
You closely miss something. Something hits you but does no damage.
You miss something. Something hits you.
* * * LOW HITPOINT WARNING * * *
You closely miss something. Something hits you but does no damage.
You barely miss something.
You hear some strange, mumbled words.
You are confused.
You miss something.
You hear some strange, mumbled words.
You are more confused.
You closely miss something.
You hear some strange, mumbled words.
You are more confused.
You hear a zap.
You feel very mighty all of a sudden. Something hits you!
You die...

#.#((..<..# ..#.#######
...(......# ...(#.#.#.#
...)#...#.########### #
..............((....#.#
###.......#####..._?..#
######### ##._..._.##
#..@{.....#
......._..⌠.._..
#####..........#
###._.....## #..._....#
###......# ...#...
...+...


There were no monsters in sight!

Vanquished Creatures
  A dart slug (D:1)
  A giant gecko (D:1)
  2 goblins
  4 hobgoblins (D:1)
  6 kobolds
  4 bats (D:1)
  A giant newt (D:1)
  7 rats
26 creatures vanquished.

Notes
Turn   | Place    | Note
--------------------------------------------------------------
     0 | D:1      | georgeearnest the Hill Orc Fighter began the quest for the Orb.
     0 | D:1      | Reached XP level 1. HP: 19/19 MP: 1/1
   201 | D:1      | Reached XP level 2. HP: 27/27 MP: 2/2
   556 | D:1      | Reached skill level 4 in Fighting
   556 | D:1      | Reached XP level 3. HP: 33/33 MP: 3/3
   656 | D:2      | Found a sparkling altar of Nemelex Xobeh.
   658 | D:2      | Found an oddly glowing altar of Pakellas.
   658 | D:2      | Found a glowing golden altar of the Shining One.
   659 | D:2      | Found an ancient bone altar of Kikubaaqudgha.
   659 | D:2      | Found a white marble altar of Elyvilon.
   659 | D:2      | Found a stormy altar of Qazlal.
   659 | D:2      | Found a radiant altar of Vehumet.
   660 | D:2      | Noticed Sigmund
   680 | D:2      | Slain by Sigmund

Vault maps used:
D:1:      dpeg_arrival_rhombus
D:2:      grunt_dithmenos_smoke_and_mirrors, grunt_temple_overflow_open,
          uniq_sigmund

Skill      XL: |  1  2 |
---------------+-------+-----
Axes           | 3 |  3.0
Fighting       | 4 |  4.1
Armour         | |  3.7
Dodging        | |  0.1
Shields        | |  3.7

Action                   || total
-------------------------++-------
Melee: War axe           ||    67
  Use: Potion            ||     1
Armor: Scale mail        ||    40
Dodge: Dodged            ||    32
Block: Shield            ||    32
